AoeStats
← TUSHIRO1.2

Arabia

510034311Analyzed
1v1 RM · 3d ago on Sep 29, 2026· 48m 9s· 2 players
Game mode
Random Map
Map size
Tiny (2 player)
Population
200
Speed
Normal
Resources
Standard
Victory
Conquest
Starting age
Dark Age
Ending age
Imperial Age
RankedLock teamsTeams togetherTeam positionsShared explorationLock speedFull tech treeHidden civsTurbo modeCheats
Victory
Defeat
🇲🇽 Malians · Mexico
1100
+48
1113
-17
TUSHIRO1.2
7:57 Loom
10:09 Feudal Age
10:22 Man-at-Arms
11:10 Double-Bit Axe
12:11 Forging
17:17 Padded Archer Armor
17:07 Fletching
24:08 Castle Age
22:09 Gold Mining
22:32 Horse Collar
23:08 Scale Barding Armor
24:27 Bloodlines
26:18 Husbandry
26:48 Chain Barding Armor
30:41 Iron Casting
34:03 Scale Mail Armor
35:16 Chain Mail Armor
36:05 Gold Shaft Mining
35:23 Stone Mining
36:47 Town Watch
41:18 Imperial Age
40:30 Wheelbarrow
39:58 Town Patrol
41:38 Hand Cart
42:36 Plate Mail Armor
42:58 Stone Shaft Mining
43:22 Conscription
45:29 Elite Gbeto
46:52 Leather Archer Armor
46:32 Bodkin Arrow
Joseph Black Heart
3:43 Double-Bit Axe
5:25 Loom
9:52 Feudal Age
13:28 Fletching
15:57 Horse Collar
22:22 Town Watch
26:34 Castle Age
26:40 Heavy Plow
26:04 Man-at-Arms
26:53 Scale Mail Armor
27:04 Forging
27:32 Gold Mining
28:33 Chain Mail Armor
30:16 Iron Casting
41:33 Wheelbarrow
41:12 Bow Saw
43:06 Hand Cart
43:00 Elite Skirmisher
46:00 Bodkin Arrow
46:34 Husbandry
45:54 Light Cavalry
47:00 Scale Barding Armor
48:45 Chain Barding Armor
Connection lost

Rejoining the realm…

Still unreachable

The connection could not be restored.

Session expired

The server has moved on; the page needs a fresh start.